[Event "NM-Senior Hurtig 2018"]
[Site "Frimurer Logen, Norway"]
[Date "2018.11.11"]
[Round "8.1"]
[White "Antonsen, Frode"]
[Black "Bjerke, Richard"]
[Result "0-1"]
[TimeControl "20 + 10"]
[WhiteElo "1656"]
[BlackElo "2094"]

1. Nf3 Nf6 2. g3 g6 3. Bg2 Bg7 4. d4 O-O 5. O-O d6 6. c4 c6 7. Nc3 Bf5 8. Bf4 a6 9. Qd2 Re8 10.
Rfe1 Ne4 11. Nxe4 Bxe4 12. Ng5 Bxg2 13. Kxg2 Nd7 14. Nf3 e5 15. dxe5 dxe5 16. Be3 e4 17. Nd4 Ne5 18. Qc2 Ng4 19.
Rad1 Nxe3+ 20. fxe3 Qg5 21. Qb3 Rab8 22. Rf1 h5 23. h4 Qc5 24. Qc3 Qe7 25. Qc2 f5 26. c5 Be5 27. Qc4+ Qf7 28. Qxf7+ Kxf7 29. b4 Rbd8 30. Rd2 Rd5 31. Rfd1 Red8 32. Nb3 0-1

[Event "NM-Senior Hurtig 2018"]
[Site "Frimurer Logen, Norway"]
[Date "2018.11.11"]
[Round "8.2"]
[White "Hamre, Einar"]
[Black "Borch, Alex"]
[Result "1-0"]
[TimeControl "20 + 10"]
[WhiteElo "1778"]
[BlackElo "1728"]

1. e4 c6 2. d4 d5 3. Nc3 dxe4 4. Nxe4 Nf6 5. Ng5 h6 6. N5f3 Bg4 7. h3 Bh5 8. g4 Bg6 9. Ne5 Bh7 10.
c3 e6 11. Bg2 Nbd7 12. f4 Nxe5 13. fxe5 Nd5 14. Nf3 Be7 15. O-O Qc7 16. Qe2 O-O-O 17. a3 g5 18. c4 Nb6 19. b4 Kb8 20.
Be3 Rhg8 21. a4 h5 22. a5 Nc8 23. b5 cxb5 24.
cxb5 Be4 25. b6 Qc2 26. bxa7+ Nxa7 27. Qe1 hxg4 28. hxg4 Nc6 29. Rc1 Qa4 30. Qc3 Bb4 31. Qb2 Qxa5 32. Ra1 Bc3 33. Rxa5 Bxb2 34. Ra4 Bc3 35. Nxg5 Bxg2 36.
Kxg2 Bxd4 37. Bxd4 Rxg5 38. Bb6 Rdg8 39. Rxf7 Rxg4+ 40. Rxg4 Rxg4+ 41. Kf2 Rg8 42. Ke3 Nxe5 43. Bc7+ Kc8 44.
Bxe5 b6 45. Rc7+ Kd8 46. Rb7 Rg1 47. Rxb6 Kd7 48. Bd4 Re1+ 49. Kd3 Rh1 50. Kc4 Rc1+ 51. Bc3 Rh1 52. Bb4 Rd1 53. Rb7+ Kc6 54.
Rh7 e5 55. Rh6+ Kd7 56. Bc5 e4 57. Rh5 Ke6 58. Rh6+ Kf5 59. Bd4 Kf4 60. Rf6 Kg5 61. Rf8 Kg4 62. Be3 Kg3 63. Rf4 Re1 64.
Kd4 Rd1+ 65. Kxe4 Ra1 66. Rf8 Ra4+ 67. Bd4 Ra3 68. Rg8+ Kh3 69. Kf4 Rb3 70. Be3 1-0

[Event "NM-Senior Hurtig 2018"]
[Site "Frimurer Logen, Norway"]
[Date "2018.11.11"]
[Round "8.4"]
[White "Brobakken, Geir"]
[Black "Ugland, Torge"]
[Result "1-0"]
[TimeControl "20 + 10"]
[WhiteElo "1759"]
[BlackElo "1646"]

1. e4 e5 2. Nc3 Nf6 3. Bc4 d6 4. d3 c6 5. Nf3 Be6 6. a3 Bxc4 7. dxc4 Be7 8. Qd3 O-O 9. O-O Na6 10.
Be3 Nc7 11. h3 Ne6 12. Rfd1 Qc7 13. Ne2 Rfd8 14. Ng3 Rd7 15. Nf5 Rad8 16. Nxe7+ Rxe7 17. Bg5 Nc5 18. Qe2 Re6 19. Bxf6 Rxf6 20.
b4 Ne6 21. g3 Qe7 22. Rd3 Rg6 23. Kh2 b6 24. Rad1 Nd4 25. Nxd4 exd4 26. Rxd4 Re6 27. f3 g6 28. R1d2 f5 29.
c5 bxc5 30. bxc5 d5 31. Qg2 Re8 32. exd5 cxd5 33. Rxd5 Rc8 34. Qf2 Rec6 35. Rd7 Qxc5 36. Qe2 Rf6 37. Qd3 Rff8 38. Kg2 Rf7 39. Rd8+ Rxd8 40. Qxd8+ Kg7 41. Qd4+ Qxd4 42. Rxd4 Rc7 43. c4 Rb7 44. f4 Kf7 45. Rd3 a5 46.
Kf3 a4 47. Ke3 Ke6 48. Kd4 Kd6 49. c5+ Kc6 50. Re3 Rc7 51.
Re6+ Kb7 52. Rb6+ Ka7 53. Rb4 Re7 54. Rxa4+ Kb7 55. Rb4+ 1-0

[Event "NM-Senior Hurtig 2018"]
[Site "Frimurer Logen, Norway"]
[Date "2018.11.11"]
[Round "8.5"]
[White "Milvang, Otto"]
[Black "Oldernes, Lars Arne"]
[Result "0-1"]
[TimeControl "20 + 10"]
[WhiteElo "1691"]
[BlackElo "1697"]

1. c4 Nf6 2. g3 c6 3. Nc3 e5 4. Bg2 Be7 5. Nf3 d6 6. O-O Be6 7. Qb3 Qc7 8. d3 h6 9. Rd1 Nbd7 10.
Qc2 O-O 11. b3 Rfe8 12. Bb2 Nf8 13. e3 Rad8 14. Ne2 Ng6 15. h3 Qd7 16. Kh2 Qc7 17. Rac1 Rc8 18. Rg1 a6 19. Qd2 Red8 20.
Nc3 Bf5 21. g4 Bd7 22. Kh1 Qa5 23. a3 Nh7 24. b4 Qc7 25. Ne4 f5 26. gxf5 Bxf5 27. Ng3 Be6 28. Bf1 Bf6 29. Nh5 Qf7 30.
Nxf6+ Qxf6 31. d4 Qxf3+ 32. Bg2 Qf7 33. Qc2 Bf5 34. e4 Bd7 35. Qd2 Qf4 36. Qe2 Rf8 37. Rcf1 Nh4 38. Bc1 Qf6 39.
dxe5 dxe5 40. Qd3 Rcd8 41. Qg3 Nf3 42. Bxh6 Nxg1 43. Rxg1 Qxh6 44. Bf1 Rf7 45. c5 Qf6 46. Bc4 Qf4 47.
Qxg7# Qf3+ 48. Qg3+ Qf6 0-1

[Event "NM-Senior Hurtig 2018"]
[Site "Frimurer Logen, Norway"]
[Date "2018.11.11"]
[Round "8.6"]
[White "Irandoust, Babak"]
[Black "Stubrud, Jan Magne"]
[Result "1-0"]
[TimeControl "20 + 10"]
[WhiteElo "1615"]
[BlackElo "1684"]

1. e4 e5 2. Nf3 Nf6 3.
Nc3 Nc6 4. d4 exd4 5. Nxd4 Bb4 6. Nxc6 Bxc3+ 7. bxc3 bxc6 8. Bd3 O-O 9. Bg5 h6 10. Bh4 g5 11. Bg3 d6 12. O-O Qe7 13.
Re1 Bg4 14. f3 Bd7 15. e5 dxe5 16. Rxe5 Qa3 17. Qd2 Rfe8 18. Rxg5+ hxg5 19. Qxg5+ Kf8 20. Qxf6 Qc5+ 21. Kf1 Rac8 22.
Bf4 Re6 23. Bh6+ Ke8 24. Qh8+ Ke7 25. Qg7 Qh5 26. Bg5+ Rf6 27. Qxf6+ Kf8 28. Qh6+ Qxh6 29. Bxh6+ Ke7 30. Rb1 Be6 31. a3 Rh8 32. Bf4 Rh5 33. Rb7 Ra5 34. Rxc7+ Kf6 35. Rxc6 Ke7 36. Ra6 Rc5 37. Bd6+ 1-0

[Event "NM-Senior Hurtig 2018"]
[Site "Frimurer Logen, Norway"]
[Date "2018.11.11"]
[Round "8.7"]
[White "Kristiansen, Erling"]
[Black "Smedby, Ole"]
[Result "1-0"]
[TimeControl "20 + 10"]
[WhiteElo "2126"]
[BlackElo "1823"]

1. d4 Nf6 2. Nf3 d5 3. c4 e6 4. Nc3 Nbd7 5. Bg5 Be7 6. e3 O-O 7. Qc2 h6 8. Bh4 b6 9. cxd5 exd5 10.
Rd1 Bb7 11. Bb5 a6 12. Ba4 Rc8 13. Bb3 c6 14. O-O b5 15. a3 a5 16. Ba2 b4 17. axb4 axb4 18. Na4 Ne4 19. Bxe7 Qxe7 20. Rc1 Ba6 21. Rfd1 Bb5 22. Nc5 Ndxc5 23. dxc5 Ra8 24. Bb3 Ra5 25. Nd4 g6 26. f3 Nf6 27.
Re1 Rfa8 28. Qd2 R8a6 29. e4 dxe4 30.
Qxh6 Qd7 31. Qxg6+ Kf8 32. Qxf6 exf3 33. Qh8# 1-0

[Event "NM-Senior Hurtig 2018"]
[Site "Frimurer Logen, Norway"]
[Date "2018.11.11"]
[Round "8.8"]
[White "Skogheim, Ole Morten"]
[Black "Taksrud, Vidar"]
[Result "0-1"]
[TimeControl "20 + 10"]
[WhiteElo "1909"]
[BlackElo "1861"]

1. d4 d5 2. Nf3 Nf6 3. Bf4 c5 4. c3 Qb6 5. Qb3 c4 6. Qxb6 axb6 7. Na3 Nh5 8. Nb5 Na6 9. Bc7 Bd7 10.
Nd6+ exd6 11. Bxb6 Be7 12. g3 O-O 13. Bg2 Bd8 14. Bxd8 Rfxd8 15. O-O Nf6 16. Nd2 Re8 17. e3 b5 18.
a3 Bf5 19. Rfe1 Ne4 20. Bxe4 dxe4 21. Kg2 Nc7 22. Rg1 Nd5 23. Rge1 Re7 24. Rg1 Rea7 25. Rac1 h5 26. h4 Nf6 27.
Rge1 Re8 28. Rg1 Ng4 29. Rge1 f6 30. Rh1 Nh6 31. Rce1 Nf7 32. Rc1 Nd8 33. Rce1 Nc6 34. Rc1 Bg4 35. Rhe1 Kh7 36. Rg1 Kh6 37. Rge1 g5 38. Rh1 Na5 39.
Rhg1 Nb3 40. Nxb3 cxb3 41. hxg5+ fxg5 42. c4 bxc4 43. Rxc4 Rc8 44. Rb4 Rc2 45. Rxb3 Rf7 46. Rf1 Be2 47. Re1 Bc4 0-1

[Event "NM-Senior Hurtig 2018"]
[Site "Frimurer Logen, Norway"]
[Date "2018.11.11"]
[Round "8.10"]
[White "Larsen, Arild"]
[Black "Strand, Torger"]
[Result "1-0"]
[TimeControl "20 + 10"]
[WhiteElo "1858"]
[BlackElo "1607"]

1. d4 d5 2. Nf3 Nf6 3. Bg5 c6 4. e3 Qb6 5. Nbd2 Qxb2 6. Bd3 Nbd7 7. O-O Qb6 8. c4 e6 9. c5 Qc7 10.
Bxf6 gxf6 11. Nh4 h5 12. f4 f5 13. Nhf3 b6 14. cxb6 axb6 15. Qc2 Ba6 16. Rfc1 c5 17. Bxa6 Rxa6 18.
dxc5 bxc5 19. Rab1 Bg7 20. Rb5 O-O 21. Rcb1 Rb8 22. Rxb8+ Nxb8 23. Rb5 Nd7 24. Qb1 c4 25. Rb7 Qc5 26.
Rxd7 Qxe3+ 27. Kh1 Rb6 28.
Qd1 Qxf4 29. Rd8+ Bf8 30. Qa4 Rb8 31. Rxb8 Qxb8 32. Qc2 Qb4 33. h3 Bg7 34. a4 e5 35. Qxf5 c3 36. Nf1 d4 37. Nxe5 Bxe5 38. Qxe5 Qc4 39. Ng3 c2 40. Qg5+ Kf8 41. Qd8+ Kg7 42. Qg5+ Kf8 43. Qf4 1-0

[Event "NM-Senior Hurtig 2018"]
[Site "Frimurer Logen, Norway"]
[Date "2018.11.11"]
[Round "8.12"]
[White "Wangen, Reidar Magne"]
[Black "Jansson, Helge"]
[Result "1/2-1/2"]
[TimeControl "20 + 10"]
[WhiteElo "1733"]
[BlackElo "1712"]

1. e4 e6 2. d4 d5 3. exd5 exd5 4. Nf3 Bd6 5. Bd3 Nf6 6. Bg5 Qe7+ 7. Qe2 Qxe2+ 8. Bxe2 Ne4 9. Be3 O-O 10.
O-O Bg4 11. h3 Bxf3 12. Bxf3 f5 13. Bxe4 dxe4 14. Nc3 Nc6 15. Nb5 Rad8 16. Nxd6 Rxd6 17. c3 f4 18. Bd2 Rd7 19. Rfe1 Re7 20.
Rad1 g5 21. Bc1 Rf5 22. Re2 f3 23. gxf3 Rxf3 24. Rde1 Rxh3 25. Rxe4 Rxe4 26. Rxe4 h6 27. Re8+ Kf7 28. Rc8 Rd3 29. Be3 Ke7 30. Rxc7+ Kd6 31.
Rxb7 Rd1+ 32. Kg2 Ra1 33.
Rh7 Rxa2 34. Rxh6+ Kd5 35. b3 Na5 36. c4+ Ke4 37. d5 Nxb3 38. d6 Ra1 39. c5 Nxc5 40. Bxc5 a5 41. d7 Rd1 42.
Rd6 1/2-1/2